Map: Ulrena

Players

Chris (MCanning) - Winner!

  • Race: Protoss Protoss
  • League: Master

LLLLLLLLLLLL

  • Race: Terran Terran
  • League: Master

VOD

Have the link to the VOD?

Description

Time

  • Played on: Nov. 14, 2015, 2:58 a.m.
  • Length: 13:23
Show
View Real Time Build Order
Export as new Build Order

Chris Protoss - Winner!

Build Orders:  

Get SALT Encoding   

  12  0:01  Probe (Chrono Boost)  
  13  0:12  Probe (Chrono Boost)  
  14  0:19  Pylon  
  14  0:22  Probe (Chrono Boost)  
  15  0:38  Probe (Chrono Boost)  
  15  0:41  Gateway  
  16  0:48  Probe (Chrono Boost)  
  16  0:49  Assimilator  
  17  0:59  Probe (Chrono Boost)  
  17  1:03  Pylon  
  18  1:09  Probe (Chrono Boost)  
  19  1:20  Probe (Chrono Boost)  
  20  1:28  Cybernetics Core  
  20  1:30  Probe (Chrono Boost)  
  23  1:41  Probe (Chrono Boost)  
  24  1:50  Nexus  
  22  1:59  Probe (Chrono Boost)  
  22  2:01  Assimilator  
  22  2:10  Mothership Core (Chrono Boost)  
  22  2:11  Adept (Chrono Boost)  
  26  2:23  Pylon  
  26  2:29  Probe (Chrono Boost)  
  27  2:36  Robotics Facility  
  27  2:41  Probe (Chrono Boost)  
  28  2:51  Probe (Chrono Boost)  
  28  2:55  Gateway  
  29  3:03  Warp Gate (Chrono Boost)  
  29  3:07  Gateway  
  29  3:14  Probe  
  29  3:16  Probe  
  29  3:18  Pylon  
  31  3:28  Pylon  
  31  3:30  Probe  
  33  3:34  Observer (Chrono Boost)  
  33  3:36  Stalker, Probe  
  36  3:44  Probe  
  37  3:52  Stalker (Chrono Boost)  
  39  4:02  Probe  
  39  4:07  Pylon  
  43  4:12  Stalker (Chrono Boost)  
  43  4:13  Stalker (Chrono Boost)  
  40  4:20  Stalker (Chrono Boost)  
  41  4:26  Observer  
  41  4:27  Probe  
  45  4:39  Probe  
  46  4:47  Probe (Chrono Boost)  
  46  4:51  Probe (Chrono Boost)  
  47  4:58  Probe (Chrono Boost)  
  47  4:59  Warp Prism (Chrono Boost)  
  46  5:02  Probe (Chrono Boost)  
  46  5:06  Adept x2  
  51  5:09  Probe  
  51  5:11  Probe  
  51  5:12  Adept  
  55  5:18  Pylon  
  56  5:21  Probe  
  56  5:22  Probe  
  56  5:26  Forge  
  57  5:32  Probe  
  57  5:33  Probe  
  57  5:42  Zealot  
  57  5:43  Probe  
  57  5:45  Probe  
  57  5:46  Assimilator  
  61  5:51  Robotics Bay  
  61  5:53  Sentry, Probe  
  61  5:54  Sentry  
  61  5:55  Assimilator  
  66  5:57  Probe  
  67  6:04  Probe  
  67  6:09  Probe  
  69  6:15  Probe  
  70  6:20  Twilight Council  
  70  6:21  Probe  
  70  6:25  Probe  
  71  6:28  Immortal (Chrono Boost)  
  71  6:29  Protoss Ground Armor Level 1 (Chrono Boost)  
  74  6:34  Probe, Pylon  
  74  6:36  Probe  
  76  6:43  Gateway  
  76  6:44  Gateway  
  76  6:46  Probe x2  
  76  6:47  Zealot  
  79  6:51  Pylon  
  80  6:57  Probe  
  80  6:58  Probe  
  80  6:59  Disruptor (Chrono Boost)  
  80  7:02  Blink (Chrono Boost)  
  83  7:08  Probe  
  83  7:10  Probe  
  83  7:11  Photon Cannon  
  83  7:12  Pylon  
  85  7:17  Stalker x2, Pylon  
  89  7:23  Stalker  
  91  7:33  Nexus  
  91  7:37  Probe, Pylon  
  91  7:38  Probe  
  91  7:41  Disruptor (Chrono Boost)  
  96  7:49  Probe  
  96  7:50  Probe  
  98  8:02  Probe x2, Zealot x3  
  104  8:14  Stalker x2, Probe x2  
  104  8:17  Disruptor (Chrono Boost)  
  113  8:23  Protoss Ground Armor Level 2  
  113  8:28  Stalker  
  113  8:29  Forge  
  115  8:34  Assimilator  
  115  8:37  Zealot  
  115  8:38  Assimilator  
  117  8:48  Gateway  
  117  8:51  Gateway, Disruptor (Chrono Boost)  
  118  9:05  Stalker x2  
  118  9:06  Stalker x3  
  128  9:10  Probe  
  128  9:12  Pylon  
  128  9:14  Pylon  
  127  9:23  Probe, Pylon  
  128  9:34  Pylon  
  128  9:36  Pylon, Zealot x2  
  132  9:39  Zealot x3  
  132  9:42  Probe x2  
  138  9:50  Pylon  
  138  9:51  Disruptor (Chrono Boost)  
  141  9:53  Protoss Ground Weapons Level 1 (Chrono Boost)  
  141  9:58  Stalker  
  141  9:59  Stalker x2  
  143  10:01  Probe  
  144  10:16  Zealot  
  144  10:20  Nexus  
  146  10:22  Zealot x4  
  146  10:23  Pylon, Zealot  
  146  10:24  Probe  
  155  10:29  Probe  
  155  10:34  Disruptor (Chrono Boost)  
  153  10:38  Stalker x2  
  145  10:45  Templar Archives  
  145  10:47  Zealot  
  145  10:48  Stalker x3  
  151  10:59  Probe x2  
  147  11:08  Probe  
  124  11:18  Probe  
  124  11:20  Stalker  
  124  11:21  Stalker x5  
  124  11:22  Probe, Disruptor (Chrono Boost)  
  136  11:26  Probe  
  137  11:35  Gateway  
  137  11:37  Robotics Facility  
  137  11:38  Gateway  
  135  11:42  Gateway  
  135  11:44  Gateway  
  132  11:50  High Templar x2  
  132  11:51  High Templar  
  138  11:55  Archon  
  138  11:56  Probe  
  138  11:57  Disruptor (Chrono Boost)  
  142  12:03  Assimilator  
  142  12:05  Zealot  
  142  12:07  Assimilator  
  144  12:09  Pylon  
  144  12:19  Probe x2  
  144  12:21  Probe  
  138  12:24  Stalker x2  
  138  12:25  Stalker x4  
  150  12:31  Probe  
  150  12:35  Probe  
  150  12:36  Disruptor (Chrono Boost)  
  153  12:37  Zealot  
  151  12:49  Probe  
  151  12:50  Stalker  
  151  12:51  Stalker x4  
  156  12:56  Probe  
  161  13:02  Probe  
  161  13:04  Probe  
  163  13:08  Stalker x5  
Show
View Real Time Build Order
Export as new Build Order

LLLLLLLLLLLL Terran 

Build Orders: 1/1/1, MMM Bio 

Get SALT Encoding   

  12  0:01  SCV  
  13  0:13  SCV  
  14  0:19  Supply Depot  
  14  0:25  SCV  
  15  0:31  Refinery  
  15  0:41  SCV  
  16  0:48  Barracks  
  16  0:53  SCV  
  17  1:05  SCV  
  18  1:17  SCV  
  19  1:35  Orbital Command, Marine  
  19  1:38  Factory  
  20  1:44  Supply Depot  
  20  1:52  Marine  
  21  2:02  SCV  
  22  2:10  Marine  
  22  2:14  SCV  
  24  2:22  Widow Mine  
  26  2:23  Starport  
  26  2:27  SCV  
  26  2:29  Marine  
  28  2:32  Supply Depot  
  28  2:39  SCV  
  29  2:46  Marine  
  30  2:51  SCV  
  30  2:54  Hellion  
  33  3:00  Medivac  
  33  3:05  SCV  
  36  3:15  Supply Depot  
  36  3:16  Hellion  
  38  3:20  Marine  
  39  3:34  Command Center  
  39  3:42  SCV  
  39  3:45  Barracks Reactor  
  39  3:47  Factory Tech Lab  
  39  3:48  Supply Depot, Starport Reactor  
  40  3:49  Refinery  
  40  3:51  Barracks  
  40  4:07  SCV  
  41  4:21  Marine  
  41  4:22  Marine  
  41  4:27  Barracks  
  40  4:31  Factory Reactor  
  40  4:39  Marine  
  39  4:50  SCV  
  38  4:53  Orbital Command  
  38  4:54  Barracks Tech Lab  
  38  4:55  Medivac  
  38  4:58  Marine  
  41  5:02  SCV  
  41  5:04  Engineering Bay  
  41  5:06  Command Center  
  43  5:11  Orbital Command  
  41  5:18  Marine x2  
  41  5:20  Stimpack  
  43  5:23  Marine  
  43  5:24  Bunker  
  44  5:30  Marine  
  43  5:36  Marine  
  43  5:37  SCV  
  43  5:39  SCV  
  46  5:43  Marauder  
  46  5:45  Concussive Shells  
  46  5:49  SCV  
  49  5:51  SCV  
  49  5:53  Liberator  
  50  6:01  SCV  
  50  6:02  Refinery  
  50  6:03  Refinery  
  50  6:04  SCV  
  49  6:14  Marine  
  49  6:20  SCV x2  
  49  6:32  SCV x2  
  51  6:36  Orbital Command  
  51  6:37  Terran Infantry Weapons Level 1  
  51  6:38  Combat Shields  
  51  6:44  SCV x2  
  53  6:49  Missile Turret  
  53  6:54  Missile Turret  
  53  6:55  Missile Turret  
  53  6:57  Missile Turret  
  53  6:59  SCV x2  
  54  7:10  Marine  
  54  7:11  Marine  
  54  7:12  Marine  
  54  7:13  SCV x2  
  59  7:20  Marine  
  60  7:25  SCV x2  
  60  7:26  Barracks  
  60  7:29  Barracks, Marine  
  52  7:31  Orbital Command  
  52  7:32  Marine  
  54  7:37  SCV x2  
  54  7:42  Marauder  
  58  7:47  Medivac  
  58  7:48  Medivac  
  58  7:49  SCV x2  
  64  7:56  Marine  
  65  7:58  SCV  
  65  8:01  SCV x2  
  65  8:03  Marine x2  
  65  8:04  Marauder  
  71  8:05  Factory Reactor  
  71  8:10  SCV  
  72  8:13  Liberator  
  72  8:14  Marine  
  72  8:16  SCV  
  72  8:17  Medivac  
  76  8:22  Marauder  
  76  8:23  Refinery  
  76  8:24  Marine  
  76  8:25  Barracks Tech Lab, Marauder  
  81  8:27  Marine  
  81  8:31  Terran Infantry Armor Level 1  
  85  8:48  Supply Depot  
  85  8:49  Supply Depot  
  85  8:51  Supply Depot  
  85  8:52  Liberator  
  85  9:01  Engineering Bay  
  85  9:02  Armory, Liberator  
  85  9:03  Marine  
  85  9:09  Marine x3  
  91  9:10  Marauder  
  91  9:11  Marauder, Marine  
  96  9:20  SCV x2  
  96  9:21  Marine  
  96  9:22  SCV  
  103  9:27  Marine x3  
  103  9:29  Marauder  
  103  9:30  Supply Depot  
  107  9:32  SCV  
  107  9:35  Marine  
  107  9:37  Supply Depot  
  109  9:47  Supply Depot  
  109  9:48  Supply Depot, Liberator  
  109  9:49  Marine, Liberator  
  109  9:52  Marauder, Marine  
  114  10:00  Marine x2  
  114  10:01  Marauder  
  124  10:07  Marine  
  124  10:09  SCV x2, Marine  
  124  10:10  Supply Depot, Terran Infantry Weapons Level 2  
  126  10:15  Supply Depot x2  
  126  10:17  Marauder, Marine  
  129  10:21  Marine  
  129  10:22  Marauder, Marine  
  129  10:25  Marine  
  132  10:30  Marine  
  132  10:35  Marauder  
  134  10:38  Marine  
  134  10:39  Marine  
  134  10:40  Terran Infantry Armor Level 2  
  134  10:41  Marine  
  135  10:42  Marine  
  135  10:59  Marine x5  
  135  11:00  Medivac, Marauder  
  135  11:01  SCV  
  132  11:06  Liberator  
  132  11:10  Marine  
  111  11:13  Liberator  
  111  11:16  Marine  
  111  11:17  Marauder x2  
  113  11:25  Marine x2  
  119  11:26  Marauder  
  119  11:29  Marine  
  122  11:34  Marine  
  122  11:38  Marine  
  124  11:41  Marine  
  124  11:42  Command Center  
  124  11:43  Marine x2  
  129  11:47  Marauder  
  129  11:49  Liberator  
  129  11:51  Marine  
  130  11:54  Marine  
  130  11:56  Marauder  
  133  12:02  Marine x2  
  133  12:03  Marauder  
  133  12:08  Liberator  
  128  12:18  Marine  
  128  12:19  Marine  
  128  12:20  Marauder, Marine x2  
  128  12:21  Marine  
  114  12:24  Marauder  
  119  12:36  Marine  
  120  12:37  Marine  
  120  12:38  Marine x2, Marauder  
  120  12:41  Marauder  
  115  12:45  Marauder  
  98  12:54  Marine  
  98  12:55  Marine  
  98  12:56  Marine x2  
  104  12:59  Marauder  
Tags
 
Composition
MMM Bio
Matchup
PvT
Opening
1/1/1
Player
MCanning
Replay Pack
lotv replays
Add a new tag
Caveats
  • Supply blocks, unpowered buildings, or Contaminate may cause inaccurate times.
  • Supply counts are checked every 10 seconds.